[Event "42nd Olympiad Baku 2016 Women"]
[Site "Baku"]
[Date "2016.09.03"]
[Round "2.5"]
[White "Smith, Olivia"]
[Black "Varona-Thomas, Maria"]
[Result "1/2-1/2"]
[ECO "B52"]
[WhiteElo "2002"]
[BlackElo "1775"]
[Annotator ""]
[PlyCount "93"]
[EventDate "2016.??.??"]
[EventCountry "AZE"]
[SourceTitle "playchess.com"]
[Source "ChessBase"]
[WhiteTeam "Wales"]
[BlackTeam "Guyana"]
[WhiteTeamCountry "WLS"]
[BlackTeamCountry "GUY"]
[TimeControl "40/5400+30:1800+30"]

1. e4 {(00:00)} c5 {(00:00)} 2. Nf3 {(00:00)} d6 {(
00:00)} 3. Bb5+ {(00:00)} Bd7 {(00:02)} 4. Bxd7+ {(00:03)}
Nxd7 {(00:56)} 5. O-O {(00:48)} Ngf6 {(00:04)} 6. Nc3 {
(01:34)} g6 {(00:15)} 7. d4 {(01:01)} cxd4 {(00:06]
} 8. Qxd4 {(00:57)} Bg7 {(01:08)} 9. h3 {(09:56)} O-O {
(00:28)} 10. Bg5 {(04:31)} a6 {(07:01)} 11. Qe3 {(
02:55)} Qb6 {(05:58)} 12. Rab1 {(09:32)} Qxe3 {(00:58)}
13. Bxe3 {(00:08)} Rac8 {(00:38)} 14. Rfd1 {(07:36)} b5 {
(03:00)} 15. a3 {(01:27)} Nc5 {(17:42)} 16. e5 {(
07:05)} dxe5 {(01:12)} 17. Nxe5 {(00:36)} Nfe4 {(09:42)}
18. Nxe4 {(00:32)} Nxe4 {(00:19)} 19. Nd7 {(01:35)} Rfe8 {
(00:53)} 20. f3 {(05:20)} Nd6 {(03:35)} 21. c3 {(
01:44)} Nc4 {(01:23)} 22. Bf2 {(02:48)} Rc6 {(02:31)} 23.
Nc5 {(01:42)} Rec8 {(02:10)} 24. Ne4 {(03:21)} f5 {
(05:03)} 25. Nd2 {(02:25)} Nxd2 {(02:48)} 26. Rxd2 {
(00:05)} Kf7 {(01:16)} 27. Rbd1 {(01:44)} Bf6 {(02:
12)} 28. Rd7 {(06:16)} R6c7 {(03:08)} 29. R7d5 {(00:52)}
Rc6 {(00:18)} 30. Be3 {(07:21)} Re6 {(07:23)} 31. R5d3 {
(02:08)} Rcc6 {(03:16)} 32. Kf2 {(02:34)} Rcd6 {(
00:17)} 33. Bd4 {(05:05)} f4 {(05:16)} 34. Bxf6 {(01:34)}
Kxf6 {(00:04)} 35. Rxd6 {(01:49)} Rxd6 {(00:04)} 36. Rxd6+
{(02:59)} exd6 {(00:02)} 37. Ke2 {(00:40)} Ke5 {(
00:47)} 38. Kd3 {(00:43)} d5 {(05:04)} 39. b3 {(03:46)} g5
{(01:27)} 40. Ke2 {(00:00)} d4 {(00:00)} 41. Kd3 {(
02:06)} dxc3 {(03:09)} 42. Kxc3 {(00:12)} a5 {(01:54)} 43.
b4 {(11:34)} a4 {(00:32)} 44. Kd3 {(00:08)} h5 {(
06:07)} 45. Kc3 {(00:42)} Kd5 {(03:28)} 46. Kd3 {(00:14)}
Ke5 {(01:34)} 47. Kc3 {(00:14)} 1/2-1/2

[Event "42nd Olympiad Baku 2016 Women"]
[Site "Baku"]
[Date "2016.09.03"]
[Round "2.9"]
[White "Steil-Antoni, Fiona"]
[Black "Lu, Rachel"]
[Result "1/2-1/2"]
[ECO "B23"]
[WhiteElo "2159"]
[BlackElo "1671"]
[Annotator ""]
[PlyCount "85"]
[EventDate "2016.??.??"]
[EventCountry "AZE"]
[SourceTitle "playchess.com"]
[Source "ChessBase"]
[WhiteTeam "Luxembourg"]
[BlackTeam "Hong Kong"]
[WhiteTeamCountry "LUX"]
[BlackTeamCountry "HKG"]
[TimeControl "40/5400+30:1800+30"]

1. e4 {(00:00)} c5 {(00:00)} 2. Nc3 {(00:00)} Nc6 {
(00:00)} 3. f4 {(00:00)} g6 {(00:35)} 4. Nf3 {(00:
00)} Bg7 {(00:11)} 5. Bb5 {(00:00)} Nd4 {(02:17)} 6. O-O {
(00:10)} Nxb5 {(01:16)} 7. Nxb5 {(00:10)} a6 {(04:
17)} 8. Nc3 {(00:12)} b5 {(00:18)} 9. d3 {(02:25)} Bb7 {
(03:33)} 10. Qe1 {(01:11)} b4 {(01:52)} 11. Nd1 {(
01:13)} Nf6 {(01:52)} 12. f5 {(01:37)} d6 {(02:43)} 13.
Qh4 {(05:07)} O-O {(02:18)} 14. Bh6 {(02:06)} e6 {(
04:22)} 15. Ng5 {(03:53)} exf5 {(04:24)} 16. exf5 {(02:03]
} Nh5 {(15:08)} 17. Bxg7 {(03:16)} Kxg7 {(02:15)} 18. fxg6
{(09:05)} Kxg6 {(12:24)} 19. Nf3 {(07:56)} Qxh4 {(
01:38)} 20. Nxh4+ {(00:04)} Kg5 {(03:55)} 21. g3 {(02:32)}
f5 22. Ng2 {(05:34)} Rae8 {(08:25)} 23. Nf2 {(08:33)} Re2
{(01:51)} 24. Rac1 {(03:30)} Bxg2 {(04:01)} 25. Kxg2 {
(00:09)} f4 {(00:11)} 26. g4 {(20:12)} Nf6 {(02:35]
} 27. h3 {(03:37)} Nd5 {(02:10)} 28. h4+ {(06:37)} Kg6 {
(02:23)} 29. Rfe1 {(01:22)} Rfe8 {(02:22)} 30. Rxe2 {
(00:45)} Rxe2 {(00:09)} 31. c4 {(07:09)} bxc3 {(05:
28)} 32. bxc3 {(00:02)} Rxa2 {(00:14)} 33. Kf3 {(02:31)}
Ra3 {(05:14)} 34. h5+ {(00:32)} Kf7 {(00:35)} 35. Ne4 {
(00:27)} Ke7 {(00:32)} 36. g5 {(00:43)} Rb3 {(02:
06)} 37. Kg4 {(00:57)} a5 {(01:12)} 38. Ra1 {(01:45)} Nxc3
{(01:16)} 39. Rxa5 {(00:36)} Nxe4 {(00:36)} 40. dxe4 {
(00:00)} f3 {(00:00)} 41. Ra7+ {(03:22)} Kf8 {(10:
26)} 42. Ra8+ {(13:17)} Kf7 {(01:55)} 43. Ra7+ {(00:23)}
1/2-1/2

[Event "42nd Olympiad Baku 2016 Women"]
[Site "Baku"]
[Date "2016.09.03"]
[Round "2.20"]
[White "Stoeri, Laura"]
[Black "Cramling Bellon, Anna"]
[Result "1/2-1/2"]
[ECO "B51"]
[WhiteElo "2084"]
[BlackElo "1913"]
[Annotator ""]
[PlyCount "121"]
[EventDate "2016.??.??"]
[EventCountry "AZE"]
[SourceTitle "playchess.com"]
[Source "ChessBase"]
[WhiteTeam "Switzerland"]
[BlackTeam "Sweden"]
[WhiteTeamCountry "SUI"]
[BlackTeamCountry "SWE"]
[TimeControl "40/5400+30:1800+30"]

1. e4 {(00:00)} c5 {(00:00)} 2. Nf3 {(00:00)} d6 {(
00:00)} 3. Bb5+ {(00:00)} Nd7 {(00:30)} 4. O-O {(00:00)}
a6 {(00:56)} 5. Bxd7+ {(01:14)} Bxd7 {(00:09)} 6. Re1 {
(00:29)} e6 {(08:03)} 7. b3 {(08:41)} b5 {(15:43)}
8. Bb2 {(00:47)} Bc6 {(02:13)} 9. d4 {(29:27)} cxd4 {
(02:32)} 10. Nxd4 {(00:25)} Bb7 {(02:10)} 11. a4 {(
14:36)} b4 {(18:30)} 12. Qd2 {(01:16)} d5 {(04:51)} 13. e5
{(00:10)} Bc5 {(02:32)} 14. Qd3 {(04:55)} Ne7 {(01:
08)} 15. Nd2 {(00:42)} O-O {(02:26)} 16. N2f3 {(02:45)}
Ng6 {(03:37)} 17. Bc1 {(07:48)} Qc7 {(06:09)} 18. Bd2 {
(02:38)} Rac8 {(02:45)} 19. Rac1 {(00:11)} Rfe8 {(
01:01)} 20. c3 {(12:23)} Qb6 {(00:30)} 21. cxb4 {(03:37)}
Bxb4 {(00:10)} 22. Bxb4 {(00:28)} Qxb4 {(00:07)} 23. h4 {
(01:06)} Nf8 {(06:31)} 24. h5 {(02:59)} h6 {(03:26]
} 25. Nh2 {(02:59)} Nd7 {(00:31)} 26. Ng4 {(00:01)} Qe7 {
(08:34)} 27. Qg3 {(00:20)} Kh8 {(00:30)} 28. Ne3 {(
01:52)} Nc5 {(00:38)} 29. Red1 {(00:33)} Ne4 {(00:33)} 30.
Qf3 {(00:07)} Rc7 {(02:19)} 31. Rxc7 {(00:40)} Qxc7 {
(00:06)} 32. Ng4 {(00:52)} Rc8 {(00:56)} 33. Kh2 {(
00:37)} Qe7 {(00:27)} 34. g3 {(00:58)} Rc3 {(00:59)} 35.
Qf4 {(00:28)} Ng5 {(01:57)} 36. Rc1 {(00:36)} Qc7 {
(01:12)} 37. Rxc3 {(00:01)} Qxc3 {(00:00)} 38. Kg2 {
(00:06)} Qd3 {(02:56)} 39. Qe3 {(01:07)} Qe4+ {(00:
26)} 40. Qxe4 {(00:00)} Nxe4 {(00:00)} 41. f3 {(05:25)}
Nc5 {(01:52)} 42. Kf1 {(03:53)} Kg8 {(01:37)} 43. Ke2 {
(00:06)} Kf8 {(00:47)} 44. a5 {(11:32)} Ke7 {(04:
59)} 45. Kd2 {(00:07)} Nd7 {(01:39)} 46. b4 {(07:12)} f5 {
(05:28)} 47. exf6+ {(00:20)} Nxf6 {(00:10)} 48. Ne5 {
(05:31)} Nxh5 {(05:07)} 49. Nd3 {(00:17)} Nxg3 {(
06:06)} 50. Nc5 {(00:01)} Bc8 {(00:08)} 51. Nc6+ {(00:28)}
Kd6 {(00:44)} 52. Na7 {(00:06)} Kc7 {(04:01)} 53. Nxc8 {
(00:09)} Kxc8 {(00:01)} 54. Nxa6 {(00:08)} Nf5 {(
01:29)} 55. Nc5 {(02:08)} Nd4 {(01:57)} 56. f4 {(00:05)}
g5 {(00:35)} 57. fxg5 {(00:56)} hxg5 {(00:02)} 58. Kd3 {
(01:25)} e5 {(00:17)} 59. a6 {(00:07)} Nb5 {(00:26]
} 60. Ke3 {(00:49)} Kb8 {(02:04)} 61. Nd7+ {(00:27)}
1/2-1/2

[Event "42nd Olympiad Baku 2016 Women"]
[Site "Baku"]
[Date "2016.09.03"]
[Round "2.3"]
[White "Stojanovic, Marija R"]
[Black "Tan, Zhongyi"]
[Result "0-1"]
[ECO "B07"]
[WhiteElo "2127"]
[BlackElo "2475"]
[Annotator ""]
[PlyCount "52"]
[EventDate "2016.??.??"]
[EventCountry "AZE"]
[SourceTitle "playchess.com"]
[Source "ChessBase"]
[WhiteTeam "Montenegro"]
[BlackTeam "China"]
[WhiteTeamCountry "MNE"]
[BlackTeamCountry "CHN"]
[TimeControl "40/5400+30:1800+30"]

1. e4 {(00:00)} d6 {(00:00)} 2. d4 {(00:29)} Nf6 {(
00:00)} 3. Nc3 {(01:04)} g6 {(00:00)} 4. Be3 {(01:30)} a6
{(00:24)} 5. Qd2 {(11:06)} b5 {(00:42)} 6. Bd3 {(
00:57)} Bb7 {(01:19)} 7. f3 {(03:56)} Nbd7 {(00:21)} 8. a4
{(04:49)} c6 {(01:11)} 9. Nce2 {(01:06)} Bg7 {(00:
33)} 10. Nh3 {(00:30)} O-O 11. O-O {(07:51)} e5 {(02:35)}
12. c3 {(10:23)} d5 {(01:13)} 13. Nf2 {(11:40)} Re8 {
(12:07)} 14. g4 {(11:23)} exd4 {(00:19)} 15. cxd4 {
(03:07)} dxe4 {(00:06)} 16. fxe4 {(10:00)} c5 {(21:
17)} 17. axb5 cxd4 18. Bxd4 {(04:08)} Ne5 {(02:37)} 19. Bxe5 {
(03:43)} Rxe5 {(00:37)} 20. bxa6 {(01:06)} Bxe4 {(
11:54)} 21. Ng3 {(08:34)} Bc6 {(07:18)} 22. Rfc1 {(02:42)}
Qd5 {(00:59)} 23. Rxc6 {(00:42)} Qxc6 {(00:05)} 24. Qb4 {
(00:25)} Bf8 {(04:16)} 25. Qb3 {(00:32)} Bc5 {(00:
28)} 26. Qc2 {(00:43)} Nxg4 {(01:35)} 0-1

[Event "42nd Olympiad Baku 2016 Women"]
[Site "Baku"]
[Date "2016.09.03"]
[Round "2.17"]
[White "Stojkovska, Monika"]
[Black "Al-khelaifi, Aisha"]
[Result "1-0"]
[ECO "C43"]
[WhiteElo "2033"]
[BlackElo "1685"]
[Annotator ""]
[PlyCount "79"]
[EventDate "2016.??.??"]
[EventCountry "AZE"]
[SourceTitle "playchess.com"]
[Source "ChessBase"]
[WhiteTeam "Macedonia"]
[BlackTeam "Qatar"]
[WhiteTeamCountry "MKD"]
[BlackTeamCountry "QAT"]
[TimeControl "40/5400+30:1800+30"]

1. e4 e5 2. Nf3 Nf6 3. d4 exd4 4. e5 Ne4 5. Qxd4 {(03:19)} d5 {(
01:51)} 6. exd6 Nxd6 7. Nc3 {(01:29)} Nc6 {(01:35)} 8. Qf4 {
(01:08)} Be7 {(01:08)} 9. Bd2 {(01:22)} Be6 {(01:
20)} 10. O-O-O {(02:52)} Qd7 {(02:51)} 11. Ng5 {(11:32)}
Bf5 {(11:41)} 12. Be2 {(46:09)} O-O-O {(05:46)} 13. g4 {
(10:55)} Bg6 {(02:34)} 14. h4 {(02:15)} f6 {(02:28]
} 15. Nf3 {(04:29)} Kb8 {(07:50)} 16. Be3 {(02:03)} Qe6 {
(09:47)} 17. Qa4 {(09:34)} a6 {(12:59)} 18. Bxa6 {(
01:09)} Ne4 {(10:05)} 19. Bb5 {(00:37)} Nc5 {(06:28)} 20.
Qc4 {(00:19)} Qxc4 {(03:13)} 21. Bxc4 {(00:04)} Ne4 {
(02:00)} 22. Rxd8+ {(00:57)} Rxd8 {(00:09)} 23. h5 {
(00:06)} Nxc3 {(01:06)} 24. hxg6 {(01:15)} Ne4 {(
00:46)} 25. gxh7 {(00:21)} Rh8 {(00:07)} 26. Bg8 {(00:33)}
Bd6 {(00:05)} 27. g5 {(00:04)} Ne7 {(03:43)} 28. Bc4 {
(00:06)} Nf5 {(04:31)} 29. Bd3 {(01:09)} Nxe3 {(00:
57)} 30. Bxe4 {(00:37)} Ng4 {(00:27)} 31. gxf6 {(00:32)}
Nxf6 {(00:40)} 32. Bf5 {(00:30)} Bf4+ {(00:40)} 33. Kb1 {
(00:08)} Bh6 {(00:21)} 34. Ne5 {(00:32)} Nxh7 {(04:
51)} 35. Nd7+ {(00:45)} Ka7 {(00:45)} 36. Rh3 {(00:17)} b6
{(03:00)} 37. Be4 {(00:24)} Ka6 {(00:38)} 38. Bc6 {
(00:33)} Ka5 {(01:56)} 39. Ra3+ {(00:18)} Kb4 {(00:
01)} 40. Ra4# {(00:00)} 1-0

[Event "42nd Olympiad Baku 2016 Women"]
[Site "Baku"]
[Date "2016.09.03"]
[Round "2.29"]
[White "Sukhu, Gloria"]
[Black "Vazquez Maccarini, Danitza"]
[Result "0-1"]
[ECO "A46"]
[WhiteElo "1476"]
[BlackElo "2142"]
[Annotator ""]
[PlyCount "92"]
[EventDate "2016.??.??"]
[EventCountry "AZE"]
[SourceTitle "playchess.com"]
[Source "ChessBase"]
[WhiteTeam "Fiji"]
[BlackTeam "Puerto Rico"]
[WhiteTeamCountry "FIJ"]
[BlackTeamCountry "PUR"]
[TimeControl "40/5400+30:1800+30"]

1. d4 {(00:00)} Nf6 {(00:00)} 2. Nf3 {(00:00)} e6 {
(00:00)} 3. Bg5 {(00:09)} Be7 {(00:58)} 4. e3 {(00:
47)} b6 {(01:01)} 5. Nbd2 {(00:22)} Bb7 {(00:08)} 6. Bd3 {
(00:35)} c5 {(00:42)} 7. c3 {(00:10)} cxd4 {(00:42]
} 8. cxd4 {(01:05)} Nc6 {(02:35)} 9. a3 {(00:26)} Nd5 {
(08:27)} 10. Bxe7 {(00:24)} Qxe7 {(00:11)} 11. O-O {
(02:11)} O-O {(00:57)} 12. Rc1 {(00:05)} f5 {(02:
43)} 13. Bb1 {(00:28)} Qf6 {(21:48)} 14. Qc2 {(00:35)}
Rac8 {(01:46)} 15. Qd3 {(00:57)} Nb8 {(07:47)} 16. h4 {
(02:00)} Ba6 {(08:08)} 17. Ne4 {(01:35)} fxe4 {(01:
59)} 18. Qxe4 {(06:00)} g6 {(00:55)} 19. Rfe1 {(01:01)}
Qf5 {(01:21)} 20. Rxc8 {(02:46)} Rxc8 {(00:28)} 21. Qxf5 {
(02:51)} gxf5 {(00:26)} 22. g3 {(00:37)} Nf6 {(00:
58)} 23. Nd2 {(02:06)} Nc6 {(02:11)} 24. Rc1 {(01:58)} Ne7
{(00:31)} 25. Rxc8+ {(00:15)} Nxc8 {(00:17)} 26. f3 {
(00:15)} Nd6 {(03:15)} 27. b3 {(00:24)} Nd5 {(01:
26)} 28. Kf2 {(00:45)} Nb5 {(03:20)} 29. a4 {(00:38)} Na3
{(00:16)} 30. g4 {(03:22)} Nc3 {(00:33)} 31. Bxf5 {
(00:12)} exf5 {(00:05)} 32. gxf5 {(01:46)} Nd1+ {(
00:16)} 33. Kg3 {(00:29)} Nxe3 {(00:30)} 34. Kf4 {(00:16)}
Nac2 {(01:49)} 35. Ke5 {(00:12)} d6+ {(00:46)} 36. Ke4 {
(01:49)} Bc8 {(00:32)} 37. Kf4 {(00:55)} Nxf5 {(00:
28)} 38. h5 {(00:18)} Ncxd4 {(00:08)} 39. b4 {(00:43)}
Ne2+ {(00:14)} 40. Ke4 {(00:00)} Nc3+ {(00:00)} 41. Kd3 {
(01:10)} Nxa4 {(01:14)} 42. Nc4 {(00:50)} Ba6 {(00:
13)} 43. Ke4 {(00:08)} Bxc4 {(00:20)} 44. Kxf5 Nc3 45. h6 {
(01:08)} a5 {(00:41)} 46. bxa5 {(00:04)} bxa5 {(00:
04)} 0-1

[Event "42nd Olympiad Baku 2016 Women"]
[Site "Baku"]
[Date "2016.09.03"]
[Round "2.2"]
[White "Szczepkowska-Horowska, Karina"]
[Black "Boric, Elena"]
[Result "1-0"]
[ECO "A81"]
[WhiteElo "2409"]
[BlackElo "2216"]
[Annotator ""]
[PlyCount "93"]
[EventDate "2016.??.??"]
[EventCountry "AZE"]
[SourceTitle "playchess.com"]
[Source "ChessBase"]
[WhiteTeam "Poland"]
[BlackTeam "Bosnia  Herzegovina"]
[WhiteTeamCountry "POL"]
[BlackTeamCountry "BIH"]
[TimeControl "40/5400+30:1800+30"]

1. d4 {(00:00)} f5 {(00:00)} 2. g3 {(00:13)} Nf6 {(
00:10)} 3. Bg2 {(00:24)} d6 {(00:59)} 4. Nh3 {(00:49)} g6
{(00:51)} 5. d5 {(03:20)} Bg7 {(04:15)} 6. Nf4 {(
00:23)} c6 {(03:31)} 7. c4 {(01:12)} Bd7 {(01:57)} 8. Nc3
{(04:05)} Na6 {(06:01)} 9. Rb1 {(06:56)} Nc5 {(08:
50)} 10. b4 {(02:58)} Nce4 {(00:14)} 11. Bb2 {(01:55)}
Nxc3 {(05:03)} 12. Bxc3 {(00:04)} O-O {(00:24)} 13. O-O {
(00:35)} Rc8 {(09:19)} 14. c5 {(05:55)} dxc5 {(03:
57)} 15. bxc5 {(06:11)} cxd5 {(02:23)} 16. Nxd5 {(20:46)}
Bc6 {(11:55)} 17. Nxf6+ {(01:46)} Bxf6 {(00:13)} 18. Qb3+
{(00:22)} Kg7 {(00:50)} 19. Bxc6 {(01:17)} bxc6 {(
01:34)} 20. Bxf6+ {(00:41)} Rxf6 {(00:11)} 21. Rfd1 {(05:
53)} Qc7 {(01:35)} 22. Qb7 {(01:09)} Re6 {(06:12)} 23. e3
{(04:20)} Kf7 {(04:47)} 24. Qb3 {(03:36)} Rd8 {(01:
50)} 25. Rxd8 {(02:49)} Qxd8 {(00:02)} 26. Rd1 {(00:06)}
Qa5 {(01:18)} 27. Qc4 {(00:42)} Qb5 {(02:27)} 28. Qd4 {
(02:30)} Qe2 {(02:57)} 29. Rb1 {(03:38)} Qxa2 {(06:
35)} 30. Rb8 {(00:55)} Rf6 {(08:47)} 31. Qd8 {(00:18)} Kg7
{(02:26)} 32. Qxe7+ {(02:59)} Qf7 {(00:04)} 33. Qe5 {
(02:21)} Kh6 {(01:33)} 34. Re8 {(01:09)} Qd7 {(01:
25)} 35. h4 {(00:43)} Qd1+ {(00:36)} 36. Kh2 {(00:42)} Qf3
{(00:27)} 37. Qb2 {(04:27)} Rf7 {(00:04)} 38. Rd8 {
(00:51)} Rb7 {(00:59)} 39. Qd2 {(07:27)} Rb1 {(00:
58)} 40. e4+ {(00:00)} f4 {(00:00)} 41. Qxf4+ {(00:09)}
Qxf4 {(00:28)} 42. gxf4 {(00:02)} Kh5 {(10:35)} 43. Kg3 {
(03:37)} Rg1+ {(03:50)} 44. Kf3 {(00:05)} Rc1 {(04:
57)} 45. e5 {(00:56)} Kxh4 {(03:11)} 46. e6 {(01:47)} Re1
{(00:38)} 47. Rd4 {(00:21)} 1-0

[Event "42nd Olympiad Baku 2016 Women"]
[Site "Baku"]
[Date "2016.09.03"]
[Round "2.9"]
[White "Szekely, Olga"]
[Black "Munoz, Alba"]
[Result "0-1"]
[ECO "B19"]
[WhiteElo "1754"]
[BlackElo "1704"]
[Annotator ""]
[PlyCount "64"]
[EventDate "2016.??.??"]
[EventCountry "AZE"]
[SourceTitle "playchess.com"]
[Source "ChessBase"]
[WhiteTeam "GUM"]
[BlackTeam "PAN"]
[BlackTeamCountry "PAN"]
[TimeControl "40/5400+30:1800+30"]

1. e4 {(00:00)} c6 {(00:00)} 2. d4 {(00:00)} d5 {(
00:00)} 3. Nc3 {(00:09)} dxe4 {(00:03)} 4. Nxe4 {(00:23)}
Bf5 {(00:11)} 5. Ng3 {(00:30)} Bg6 {(00:10)} 6. h4 {
(00:26)} h6 {(00:10)} 7. Nf3 {(00:27)} Nd7 {(00:22]
} 8. h5 {(00:13)} Bh7 {(00:11)} 9. Bd3 {(00:40)} Bxd3 {
(00:12)} 10. Qxd3 {(00:13)} e6 {(00:19)} 11. Bd2 {(
02:22)} Ngf6 {(00:22)} 12. O-O-O {(01:01)} Qc7 {(00:07)}
13. c4 {(08:45)} O-O-O {(03:37)} 14. Qe2 {(03:06)} Bd6 {
(00:50)} 15. Kb1 {(01:00)} Bxg3 {(04:00)} 16. fxg3 {
(00:12)} Qxg3 {(03:21)} 17. Ba5 b6 {(04:17)} 18. Bb4 {
(10:39)} Nxh5 {(19:35)} 19. c5 {(05:47)} Kb7 {(03:
59)} 20. cxb6 {(05:05)} axb6 {(00:20)} 21. Ka1 {(16:07)}
Nf4 {(06:46)} 22. Qc4 {(05:47)} Nd5 {(00:58)} 23. Rc1 {
(02:57)} Rc8 {(00:33)} 24. Nd2 {(17:17)} b5 {(17:
56)} 25. Qe2 {(07:11)} Nxb4 {(00:27)} 26. Rh3 {(00:13)}
Qg5 {(03:27)} 27. Rh5 {(01:37)} Qg6 {(01:38)} 28. Rxb5+ {
(01:21)} cxb5 {(00:24)} 29. Qxb5+ {(00:26)} Nb6 {(
00:08)} 30. Nc4 {(03:50)} Rxc4 {(01:54)} 31. Rxc4 {(00:24]
} Nc2+ {(00:08)} 32. Rxc2 {(01:56)} Qxc2 0-1

[Event "42nd Olympiad Baku 2016 Women"]
[Site "Baku"]
[Date "2016.09.03"]
[Round "2.1"]
[White "Tan, Li Ting"]
[Black "Rapport, Jovana"]
[Result "0-1"]
[ECO "E91"]
[WhiteElo "1993"]
[BlackElo "2318"]
[Annotator ""]
[PlyCount "124"]
[EventDate "2016.??.??"]
[EventCountry "AZE"]
[SourceTitle "playchess.com"]
[Source "ChessBase"]
[WhiteTeam "Malaysia"]
[BlackTeam "Serbia"]
[WhiteTeamCountry "MAS"]
[BlackTeamCountry "SRB"]
[TimeControl "40/5400+30:1800+30"]

1. d4 {(00:00)} d6 {(00:00)} 2. Nf3 {(00:00)} Nf6 {
(00:57)} 3. c4 {(00:24)} g6 {(00:05)} 4. Nc3 {(00:
21)} Bg7 {(00:06)} 5. e4 {(00:29)} O-O {(00:10)} 6. Be2 {
(00:21)} c5 {(00:10)} 7. d5 {(02:08)} e6 {(02:52)}
8. O-O {(00:44)} Qe7 {(01:54)} 9. Nd2 {(07:41)} e5 {
(00:41)} 10. a3 {(08:32)} Nbd7 {(00:26)} 11. b4 {(
07:44)} Ne8 {(00:22)} 12. Nb3 {(02:36)} f5 {(01:18)} 13.
bxc5 {(07:00)} Nxc5 {(01:33)} 14. Nxc5 {(00:15)} dxc5 {
(00:02)} 15. f3 {(03:46)} Rf7 {(07:06)} 16. a4 {(
08:39)} Bf8 {(02:28)} 17. a5 {(02:50)} f4 {(09:54)} 18.
Bd2 {(10:55)} Qg5 {(04:05)} 19. Qb3 {(05:40)} Qh5 {
(07:18)} 20. Na4 {(09:42)} Bd6 {(05:31)} 21. Rf2 {(
03:01)} g5 {(01:08)} 22. g4 {(07:44)} Qh4 {(16:50)} 23.
Rg2 {(04:08)} h5 {(01:18)} 24. Be1 {(01:22)} Qh3 {(
00:04)} 25. gxh5 {(00:59)} Qxh5 {(03:47)} 26. h4 {(03:04)}
Rg7 {(00:15)} 27. hxg5 {(00:05)} Bh3 {(00:50)} 28. Bf1 {
(01:37)} Bxg2 {(01:14)} 29. Bxg2 {(00:11)} Qxg5 {(
00:07)} 30. Qc2 {(01:12)} Nf6 {(07:12)} 31. Ra2 {(00:25)}
Kh7 {(01:52)} 32. Qf2 {(01:37)} Rag8 {(02:02)} 33. Qh4+ {
(00:36)} Qxh4 {(00:52)} 34. Bxh4 {(00:04)} Nxe4 {(
00:02)} 35. Kf1 {(00:42)} Rxg2 {(09:28)} 36. Rxg2 {(00:06]
} Rxg2 {(00:02)} 37. Kxg2 {(00:06)} Nd2 {(00:02)} 38. Bf2
{(01:31)} Nxc4 {(01:18)} 39. Bxc5 {(00:40)} Bxc5 {(
06:11)} 40. Nxc5 {(00:00)} b6 {(00:00)} 41. axb6 {(00:46)}
axb6 {(00:17)} 42. Nd3 {(01:40)} Kg6 {(00:43)} 43. Kf2 {
(00:19)} Kf5 {(00:44)} 44. Nb4 {(00:19)} Kf6 {(14:
05)} 45. Nc6 {(06:02)} b5 {(01:35)} 46. Ke2 {(00:56)} Nb6
{(00:44)} 47. Nb4 {(02:45)} Ke7 {(01:33)} 48. Kd3 {
(00:22)} Kd6 {(00:01)} 49. Ke4 {(00:57)} Nc4 {(00:
07)} 50. Kd3 {(01:06)} Kc5 {(00:32)} 51. Kc3 {(01:28)} Nd6
{(01:28)} 52. Nd3+ {(01:46)} Kxd5 {(00:06)} 53. Nb4+ {
(00:07)} Ke6 {(00:41)} 54. Nd3 {(00:16)} Kf5 {(00:
42)} 55. Kb4 {(00:16)} e4 {(00:11)} 56. fxe4+ {(00:07)}
Kxe4 {(00:02)} 57. Nf2+ {(00:15)} Kd4 {(00:15)} 58. Ng4 {
(00:35)} f3 {(00:05)} 59. Nf2 {(00:19)} Ke3 {(00:
10)} 60. Ng4+ {(00:05)} Kf4 {(00:19)} 61. Nf2 {(00:06)}
Kg3 {(00:05)} 62. Nd3 {(00:28)} f2 {(00:13)} 0-1

[Event "42nd Olympiad Baku 2016 Women"]
[Site "Baku"]
[Date "2016.09.03"]
[Round "2.22"]
[White "Tania, Sachdev"]
[Black "Alboredo, Julia"]
[Result "1-0"]
[ECO "E81"]
[WhiteElo "2402"]
[BlackElo "2135"]
[Annotator ""]
[PlyCount "69"]
[EventDate "2016.??.??"]
[EventCountry "AZE"]
[SourceTitle "playchess.com"]
[Source "ChessBase"]
[WhiteTeam "India"]
[BlackTeam "Brazil"]
[WhiteTeamCountry "IND"]
[BlackTeamCountry "BRA"]
[TimeControl "40/5400+30:1800+30"]

1. d4 Nf6 {(00:00)} 2. c4 {(00:00)} g6 {(00:04)} 3. Nc3 {
(00:00)} Bg7 {(00:06)} 4. e4 {(00:00)} d6 {(00:30)}
5. f3 {(00:00)} O-O {(00:20)} 6. Nge2 {(00:04)} c5 {
(00:32)} 7. d5 {(00:13)} e6 {(00:23)} 8. Ng3 {(00:
12)} exd5 {(00:34)} 9. cxd5 {(00:12)} a6 {(00:47)} 10. a4
{(00:06)} h5 {(00:18)} 11. Bg5 {(00:07)} Qe8 {(01:
13)} 12. Bd3 {(01:41)} Nh7 {(04:12)} 13. Bf4 {(00:29)} Qe7
{(02:20)} 14. O-O {(04:44)} h4 {(04:05)} 15. Nge2 {
(00:16)} Nd7 {(00:57)} 16. h3 {(10:40)} Ne5 {(11:
08)} 17. Bc2 {(00:10)} f5 {(04:42)} 18. Bc1 {(13:37)} Bd7
{(13:41)} 19. Rb1 {(08:34)} Rac8 {(14:26)} 20. Kh1 {
(18:54)} Nf7 {(08:51)} 21. Nf4 {(01:38)} Ne5 {(05:
18)} 22. exf5 {(01:16)} gxf5 {(01:45)} 23. Re1 {(00:04)}
Qf7 {(01:53)} 24. Ne6 {(00:51)} Rfe8 {(01:52)} 25. Nxg7 {
(09:26)} Qxg7 {(02:05)} 26. Ne2 {(01:05)} Nf6 {(02:
17)} 27. Nf4 {(04:02)} Qg3 {(02:32)} 28. Rf1 {(12:15)} Kf7
{(02:42)} 29. Ne6 {(04:41)} Rg8 {(05:47)} 30. Rg1 {
(05:11)} Nfg4 {(06:07)} 31. fxg4 {(00:16)} Nxg4 {(
00:15)} 32. hxg4 {(00:11)} h3 {(00:05)} 33. Bf4 {(01:39)}
hxg2+ {(00:28)} 34. Rxg2 {(00:04)} Rh8+ {(00:22)} 35. Kg1
{(00:05)} 1-0